 Dungeon Crawl Stone Soup version 0.21.0-3-g78d12a8 (webtiles) character file.

434 mopl the Sneak (level 7, -6/36 HPs)
             Began as a Tengu Enchanter on Jan 11, 2018.
             Was an Initiate of Dithmenos.
             Mangled by an orc
             ... wielding a +0 whip
              (7 damage)
             ... on level 4 of the Dungeon.
             The game lasted 00:06:48 (4181 turns).

mopl the Sneak (Tengu Enchanter)                    Turns: 4181, Time: 00:06:48

Health: -6/36      AC:  2    Str:  9    XL:     7   Next: 0%
Magic:  8/12       EV: 13    Int: 15    God:    Dithmenos [......]
Gold:   268        SH:  0    Dex: 16    Spells: 3/12 levels left

rFire    . . .     SeeInvis .   a - +2 dagger
rCold    . . .     Gourm    .   (no shield)
rNeg     . . .     Faith    .   b - +0 robe
rPois    .         Spirit   .   (helmet restricted)
rElec    .         Reflect  .   (no cloak)
rCorr    .         Harm     .   (no gloves)
MR       .....                  (boots unavailable)
Stlth    +++.......             (no amulet)
HPRegen  0.12/turn              j - +3 ring of slaying
MPRegen  0.13/turn              (no ring)

@: no status effects
A: beak, talons 3, able to fly 1
a: Fly, Renounce Religion


You were on level 4 of the Dungeon.
You worshipped Dithmenos.
Dithmenos was noncommittal.
You were hungry.

You visited 2 branches of the dungeon, and saw 6 of its levels.

You collected 268 gold pieces.

Inventory:

Hand Weapons
 a - a +2 dagger (weapon)
 s - a +0 long sword
Missiles
 i - 21 poisoned needles
 t - 4 tomahawks of returning (quivered)
Armour
 b - a +0 robe (worn)
 w - the +3 ring mail of Death's Door {rElec Dex+2 SInv Stlth+, unknown}
   (You found it on level 4 of the Dungeon)

   It affects your dexterity (+2).
   It insulates you from electricity.
   It lets you see invisible.
   It makes you more stealthy.
 x - a cursed +0 shield
Jewellery
 j - a +3 ring of slaying (left hand)
Wands
 o - a wand of digging (12)
Scrolls
 e - 2 scrolls of enchant weapon
 g - a scroll of amnesia {unknown}
 h - 2 scrolls of fog {unknown}
 k - a scroll of enchant armour {unknown}
 q - 2 scrolls of teleportation {unknown}
 r - 2 scrolls of remove curse {unknown}
 y - a scroll of noise {unknown}
Potions
 f - 2 potions of curing
 l - 3 potions of heal wounds
 m - a potion of invisibility
 n - 2 potions of ambrosia
 p - a potion of brilliance
 u - a potion of agility
 v - a potion of magic {unknown}
Books
 c - a book of Maledictions

   Spells                             Type                      Level
   a - Corona                         Hexes                        1
   b - Ensorcelled Hibernation        Hexes/Ice                    2
   c - Confuse                        Hexes                        3
   d - Tukima's Dance                 Hexes                        3
   e - Dazzling Spray                 Conjuration/Hexes            3
Comestibles
 d - 8 rations
 z - 4 chunks of flesh


   Skills:
 + Level 2.8 Short Blades
 - Level 2.1 Dodging
 * Level 5.0 Stealth
 + Level 3.0 Spellcasting
 * Level 3.5 Hexes
 + Level 1.6 Ice Magic
 + Level 1.3 Invocations


You had 3 spell levels left.
You knew the following spells:

 Your Spells              Type           Power        Failure   Level  Hunger
a - Corona                Hex            ##.....      4%          1    #......
b - Ensorcelled Hibernat  Hex/Ice        ##....       11%         2    ##.....
c - Confuse               Hex            ##......     14%         3    ###....
d - Tukima's Dance        Hex            ##......     14%         3    ###....


Dungeon Overview and Level Annotations

Branches:
Dungeon (5/15)             Temple (1/1) D:4

Altars:
Ashenzari
Cheibriados
Dithmenos
Elyvilon
Gozag
Hepliaklqana
Makhleb
Okawaru
Ru
Sif Muna
Trog
Yredelemnul


Innate Abilities, Weirdness & Mutations

You have a beak for a mouth.
You have claws for feet.
You can fly.


Message History

You climb upwards.
There is a stone staircase leading down here.
Casting: Ensorcelled Hibernation
Confirm with . or Enter, or press ? or * to list all spells.
Aiming: Ensorcelled Hibernation
Press: ? - help, Shift-Dir - straight line, f - gnoll
Aim: a gnoll, wielding a spear (chance to defeat MR: 50%)
The gnoll resists with some effort.
You are feeling hungry.
The orc hits you with a whip.
* * * LOW HITPOINT WARNING * * *
The gnoll hits you but does no damage.
Unknown command.
Casting: Ensorcelled Hibernation
Confirm with . or Enter, or press ? or * to list all spells.
Aiming: Ensorcelled Hibernation
Press: ? - help, Shift-Dir - straight line, f/p - gnoll
Aim: a gnoll, wielding a spear (chance to defeat MR: 50%)
The gnoll resists with some effort.
The orc hits you with a whip!
You die...

...## ##......###
##........####.
...# #.........##
##......## #. ..##
##..........##
###....# #. .##
##............##
##..## #. ##
#..............##
#### ## #
##...............##
#
#..............<..#
#
#................##
#### #
#...........o@...#
#..### #
#......[......g..#
##....### #
#...............##
#.......###
#...............#
##........##
#............####
#..........#
#........#####
#...........
##...######
#...........
##.####
#........... #..#
#...........


You could see a gnoll and an orc.

Vanquished Creatures
  An ogre (D:5)
  A crimson imp (D:4)
  2 hounds
  An orc priest (D:4)
  An orc wizard (D:4)
  A worker ant (D:4)
  A hound skeleton (D:4)
  6 adders
  4 worms
  A dart slug (D:1)
  2 leopard geckos
  6 orcs
  2 ball pythons (D:2)
  5 giant cockroaches
  9 goblins
  14 hobgoblins
  4 jackals (D:2)
  3 quokkas
  8 bats
  3 frilled lizards
  7 kobolds
  A quokka skeleton (D:4)
  8 rats
91 creatures vanquished.

Notes
Turn   | Place    | Note
-------+----------+-------------------------------------------
     0 | D:1      | mopl the Tengu Enchanter began the quest for the Orb.
     0 | D:1      | Reached XP level 1. HP: 10/10 MP: 4/4
   103 | D:1      | Reached XP level 2. HP: 4/15 MP: 6/6
   218 | D:1      | Learned a level 2 spell: Ensorcelled Hibernation
   838 | D:1      | Reached XP level 3. HP: 19/19 MP: 7/7
   843 | D:1      | Learned a level 3 spell: Confuse
  1540 | D:2      | Reached XP level 4. HP: 23/24 MP: 8/8
  1650 | D:2      | Found a faded altar of an unknown god.
  1878 | D:2      | Reached skill level 4 in Stealth
  1921 | D:2      | Reached skill level 2 in Short Blades
  2287 | D:3      | Gained mutation: You can fly. [Tengu growth]
  2287 | D:3      | Reached XP level 5. HP: 25/28 MP: 9/9
  2308 | D:3      | Learned a level 3 spell: Tukima's Dance
  2401 | D:3      | Reached skill level 3 in Hexes
  2820 | D:3      | Found a white marble altar of Elyvilon.
  3126 | D:4      | Found a staircase to the Ecumenical Temple.
  3135 | D:4      | Reached skill level 1 in Ice Magic
  3140 | Temple   | Entered the Ecumenical Temple
  3189 | Temple   | Became a worshipper of Dithmenos the Shadowed
  3394 | D:4      | Found a white marble altar of Elyvilon.
  3597 | D:4      | Got a bloodstained ring mail
  3819 | D:4      | Reached XP level 6. HP: 26/32 MP: 4/11
  3950 | D:5      | Entered Level 5 of the Dungeon
  3959 | D:5      | Reached skill level 1 in Invocations
  4086 | D:5      | Found a hazy altar of Hepliaklqana.
  4100 | D:4      | Reached skill level 3 in Spellcasting
  4153 | D:4      | Reached skill level 5 in Stealth
  4153 | D:4      | Reached XP level 7. HP: 31/36 MP: 9/12
  4180 | D:4      | HP: 1/36 [orc/whip (3)]
  4181 | D:4      | Mangled by an orc

Skill      XL: |  1  2  3  4  5  6 |
---------------+-------------------+-----
Stealth        | 4 5 |  5.0
Short Blades   | 2 |  2.8
Hexes          | 3 |  3.5
Ice Magic      | 1 |  1.6
Invocations    | 1 |  1.3
Spellcasting   | 3 |  3.0
Dodging        | |  2.1

Action                   |  1- 3 |  4- 6 |  7- 9 || total
-------------------------+-------+-------+-------++-------
Melee: Dagger            |    64 |   100 |       ||   164
       Kick              |    15 |    22 |       ||    37
       Peck              |     7 |     5 |       ||    12
 Cast: Corona            |     2 |       |       ||     2
       Ensorcelled Hiber |     5 |    16 |     2 ||    23
       Tukima's Dance    |       |     1 |       ||     1
  Use: Scroll            |       |     8 |       ||     8
 Stab: Sleeping          |    10 |    21 |       ||    31
       Distracted        |     1 |       |       ||     1
  Eat: Chunk             |     2 |     6 |       ||     8
       Ration            |       |     1 |       ||     1
Armor: Robe              |     6 |    18 |     1 ||    25
Dodge: Dodged            |    33 |    45 |     2 ||    80
